 Dungeon Crawl Stone Soup version 0.28.0-53-g5a82cb258f (webtiles) character file.

Game seed: 3671496138650486117

65 styxcanada the Covered (level 3, -6/33 HPs)
             Began as a Minotaur Fighter on June 24, 2022.
             Was an Initiate of Okawaru.
             Killed by nerve-wracking pain
             ... invoked by a shadow imp
              (9 damage)
             ... in a sewer.
             The game lasted 00:05:11 (1879 turns).

styxcanada the Covered (Minotaur Fighter)           Turns: 1879, Time: 00:05:12

Health: -6/33      AC:  9    Str: 22    XL:     3   Next: 92%
Magic:  2/2        EV:  7    Int:  5    God:    Okawaru [......]
Gold:   111        SH:  4    Dex:  9    Spells: 2/2 levels left

rFire   . . .      SeeInvis .   a - +1 war axe
rCold   . . .      Faith    .   c - +0 buckler
rNeg    . . .      Spirit   .   n - +0 chain mail
rPois   .          Reflect  .   (helmet restricted)
rElec   .          Harm     .   (no cloak)
rCorr   .          Rampage  .   (no gloves)
Will    .....                   (no boots)
Stlth   ..........              (no amulet)
HPRegen 0.11/turn               (no ring)
MPRegen 0.08/turn               (no ring)

@: no status effects
A: horns 2, retaliatory headbutt
a: Renounce Religion


You were in a sewer.
You worshipped Okawaru.
Okawaru was noncommittal.
You visited 1 branch of the dungeon, and saw 3 of its levels.
You also visited: Sewer.

You collected 111 gold pieces.

Inventory:

Hand Weapons
 a - a +1 war axe (weapon)
 j - a +0 hunting sling
Missiles
 e - 42 sling bullets
Armour
 c - a +0 buckler (worn)
 n - a +0 chain mail (worn)
Scrolls
 f - a scroll of noise {unknown}
Potions
 b - a potion of magic {unknown}
 d - a potion of might
 g - a potion of resistance {unknown}
 i - a potion of heal wounds {unknown}
 k - 2 potions of haste {unknown}
 l - 4 potions of curing {unknown}
 m - a potion of degeneration {unknown}


   Skills:
 * Level 4.2 Fighting
 + Level 3.0 Axes
 * Level 4.2 Armour
 + Level 0.1 Dodging
 * Level 1.4 Stealth
 + Level 3.9 Shields


You had 2 spell levels left.
You didn't know any spells.
Your spell library was empty.

Dungeon Overview and Level Annotations

Branches:
Dungeon (3/15)              Sewer (1/1)

Altars:
Okawaru


Innate Abilities, Weirdness & Mutations

You have a pair of horns on your head.
You reflexively headbutt those who attack you in melee.


Message History

The shadow imp hits you but does no damage.
You closely miss the kobold. You closely miss the shadow imp.
You hit the kobold. The kobold barely misses you. The shadow imp hits you.
The kobold hits you with a +0 short sword.
You barely miss the kobold. You hit the kobold.
You kill the kobold!
Okawaru accepts your kill.
You hear a splash. x2
You barely miss the shadow imp.
The shadow imp hits you but does no damage.
The kobold closely misses you. You furiously retaliate!
You headbutt the kobold.
You kill the kobold!
Okawaru accepts your kill.
The shadow imp hits you but does no damage.
Things that are here:
a +0 whip; a kobold corpse The shadow imp completely misses you.
You closely miss the shadow imp. You headbutt the shadow imp!
The shadow imp is severely wounded.
The shadow imp hits you. The shadow imp gestures at you.
Pain shoots through your body!
You closely miss the shadow imp.
The shadow imp is severely wounded.
The shadow imp gestures at you. Pain shoots through your body!
* * * LOW HITPOINT WARNING * * *
You closely miss the shadow imp.
The shadow imp is severely wounded.
The shadow imp splashes around in the water.
The shadow imp gestures at you.
You barely resist.
Unknown command.
The shadow imp gestures at you. Pain shoots through your body!
* * * LOW HITPOINT WARNING * * *
The shadow imp gestures at you. Pain shoots through your body!
You die...

#≈≈.# #≈≈.# #≈≈.# #≈≈.#
################≈≈.# ###
#≈≈≈≈≈≈≈≈≈≈≈≈≈≈≈≈..#≈≈≈≈
#≈≈≈≈≈≈≈≈≈.)≈≈≈≈≈≈.≈≈≈≈≈
#.........).)5..@..#
###.################
##...## #..)..# #..∩..#
#..∩..# ##...## #####


You could see a shadow imp.

Vanquished Creatures
  Terence (D:2)
  An adder (D:3)
  A bat (D:3)
  An endoplasm (Sewer)
  3 giant cockroaches (D:1)
  3 hobgoblins
  2 quokkas (D:1)
  3 ball pythons
  4 frilled lizards
  A goblin (D:2)
  5 kobolds
  5 rats
30 creatures vanquished.

Notes
Turn   | Place    | Note
-------+----------+-------------------------------------------
     0 | D:1      | styxcanada the Minotaur Fighter began the quest for the
                  | Orb.
     0 | D:1      | Reached XP level 1. HP: 19/19 MP: 0/0
   134 | D:1      | Found a faded altar of an unknown god.
   259 | D:1      | Reached XP level 2. HP: 25/27 MP: 1/1
   894 | D:2      | Noticed Terence
   906 | D:2      | Killed Terence
   907 | D:2      | Reached XP level 3. HP: 3/33 MP: 2/2
  1355 | D:2      | Found an iron altar of Okawaru.
  1362 | D:2      | Became a worshipper of Warmaster Okawaru
  1650 | D:3      | Reached skill level 1 in Stealth
  1658 | D:3      | Found a glowing drain.
  1689 | Sewer    | Entered a sewer
  1879 | Sewer    | Killed from afar by a shadow imp

Illustrated notes

Levels and vault maps discovered:
D:1:      dpeg_arrival_stonehenge_8_columns, layout_loops_ring,
          ebering_ecumenical_altar_box, lemuel_flame_loot_1
D:2:      layout_loops_ring, basic_altar, uniq_terence
D:3:      layout_loops_ring, fiery_altar_vehumet, gup_sewer_entry_glass,
          st_stairs_10, minmay_gold_behind_fungi
Sewer:    kennysheep_sewer_church

Skill      XL: |  1  2  3 |
---------------+----------+-----
Fighting       | 4 |  4.2
Armour         | 4 |  4.2
Stealth        | 1 |  1.4
Axes           | 3 |  3.0
Dodging        | |  0.1
Shields        | |  3.9

Action                   || total
-------------------------++-------
Melee: War axe           ||    71
       Headbutt          ||     8
  Use: Scroll            ||     3
Armor: Scale mail        ||    16
       Chain mail        ||    15
Dodge: Dodged            ||    26
Block: Buckler           ||    14
